 Dungeon Crawl Stone Soup version 0.24.1-4-ge52af88ad5 (webtiles) character file.

Game seed: 13950616571805635767, levelgen mode: deterministic

252 Gabide the Shield-Bearer (level 6, -11/47 HPs)
             Began as a Human Fighter on Apr 15, 2020.
             Was an Initiate of Ashenzari.
             Mangled by Pikel
             ... wielding a +2 whip of electrocution
              (14 damage)
             ... on level 4 of the Dungeon.
             The game lasted 00:15:49 (3396 turns).

Gabide the Shield-Bearer (Human Fighter)            Turns: 3396, Time: 00:15:51

Health: -11/47     AC:  8    Str: 18    XL:     6   Next: 36%
Magic:  6/6        EV:  7    Int:  9    God:    Ashenzari [......]
Gold:   116        SH:  9    Dex: 12    Spells: 5/5 levels left

rFire    . . .     SeeInvis .   a - +0 flail
rCold    . . .     Gourm    .   c - +0 shield
rNeg     . . .     Faith    .   b - +0 scale mail
rPois    .         Spirit   .   l - +0 helmet
rElec    .         Reflect  .   (no cloak)
rCorr    .         Harm     .   (no gloves)
MR       .....                  (no boots)
Stlth    ..........             (no amulet)
HPRegen  0.15/turn              (no ring)
MPRegen  0.10/turn              (no ring)

@: no status effects
A: no striking features
a: Curse Item, Renounce Religion


You were on level 4 of the Dungeon.
You worshipped Ashenzari.
Ashenzari was noncommittal.
You were hungry.

You visited 1 branch of the dungeon, and saw 4 of its levels.

You collected 206 gold pieces.
You spent 90 gold pieces at shops.

Inventory:

Hand Weapons
 a - a +0 flail (weapon)
 m - a +1 falchion of holy wrath
Missiles
 d - 216 stones (quivered)
Armour
 b - a +0 scale mail (worn)
 c - a +0 shield (worn)
 l - a +0 helmet (worn)
Magical Staves
 i - an uncursed staff of fire
Scrolls
 k - 5 scrolls of remove curse
 o - a scroll of enchant weapon {unknown}
Potions
 g - a potion of flight
 h - a potion of cancellation {unknown}
 n - a potion of mutation {unknown}
Comestibles
 f - 6 rations


   Skills:
 + Level 3.4 Fighting
 + Level 3.9 Maces & Flails
 + Level 1.0 Throwing
 + Level 4.1 Armour
 + Level 0.4 Stealth
 + Level 4.2 Shields


You had 5 spell levels left.
You didn't know any spells.
Your spell library was empty.

Dungeon Overview and Level Annotations

Branches:
Dungeon (4/15)
 Temple: D:4-7

Altars:
Ashenzari
Dithmenos
Hepliaklqana
Kikubaaqudgha
Okawaru
Qazlal
Ru
Zin

Annotations:
D:4 Pikel


Message History

Pikel hits you but does no damage.
You are electrocuted!
* * * LOW HITPOINT WARNING * * *
Pikel hits you but does no damage.
You completely miss Pikel.
Pikel is lightly wounded.
Pikel hits you with a +2 whip of electrocution.
* * * LOW HITPOINT WARNING * * *
You barely miss Pikel.
Pikel is lightly wounded.
You block Pikel's attack.
You hit Pikel.
Pikel is lightly wounded.
Pikel hits you but does no damage.
Your shield and scale mail prevent you from hitting Pikel.
Pikel is lightly wounded.
You block Pikel's attack.
Pikel hits you with a +2 whip of electrocution.
* * * LOW HITPOINT WARNING * * *
You are electrocuted!
You die...

##############
#[pppK@......#
#p##########.# #.#
#p# #.#
###p####### #.##
#..pp...... ...
#.#(##########.#
#.#.........##.#
####
###.#..#.........#
#...


You could see Pikel and 4 slaves.

Vanquished Creatures
  A hound (D:4)
  An orc priest (D:3)
  Terence (D:2)
  An orc wizard (D:3)
  Robin (D:2)
  5 adders
  An ooze (D:1)
  A worm (D:3)
  3 dart slugs
  2 leopard geckos
  6 orcs (D:3)
  5 giant cockroaches
  11 goblins
  8 hobgoblins
  5 kobolds
  3 quokkas
  A ball python (D:2)
  7 bats
  4 frilled lizards
  4 rats
71 creatures vanquished.

Notes
Turn   | Place    | Note
-------+----------+-------------------------------------------
     0 | D:1      | Gabide the Human Fighter began the quest for the Orb.
     0 | D:1      | Reached XP level 1. HP: 18/18 MP: 1/1
   460 | D:1      | Reached XP level 2. HP: 24/24 MP: 2/2
   832 | D:2      | Reached XP level 3. HP: 28/29 MP: 3/3
   927 | D:2      | Noticed Robin
   955 | D:2      | Killed Robin
   955 | D:2      | Reached XP level 4. HP: 24/35 MP: 4/4
  1242 | D:2      | Noticed Terence
  1266 | D:2      | Killed Terence
  1630 | D:3      | Reached XP level 5. HP: 41/41 MP: 5/5
  1648 | D:3      | Found a sacrificial altar of Ru.
  2189 | D:3      | Found Zin's Purification Station.
  2189 | D:3      | Found a glowing silver altar of Zin.
  2203 | D:3      | Bought a potion of curing for 90 gold pieces
  2320 | D:3      | Found a shattered altar of Ashenzari.
  2338 | D:3      | Became a worshipper of Ashenzari the Shackled
  2585 | D:3      | Found an ancient bone altar of Kikubaaqudgha.
  2585 | D:3      | Found a hazy altar of Hepliaklqana.
  2617 | D:3      | Found an iron altar of Okawaru.
  2623 | D:3      | Reached XP level 6. HP: 41/47 MP: 6/6
  2937 | D:4      | Reached skill level 1 in Throwing
  2938 | D:4      | Found a stormy altar of Qazlal.
  2944 | D:4      | Noticed an orc warrior
  3332 | D:4      | Found a shadowy altar of Dithmenos.
  3347 | D:4      | Noticed a slave
  3349 | D:4      | Noticed Pikel
  3349 | D:4      | Paralysed by Pikel for 7 turns
  3349 | D:4      | Noticed a slave
  3350 | D:4      | Noticed a slave
  3351 | D:4      | Noticed a slave
  3369 | D:4      | Paralysed by Pikel for 4 turns
  3396 | D:4      | Mangled by Pikel

Levels and vault maps discovered:
D:1:      giann_horns, layout_basic, serial_forest,
          infiniplex_forest_straight_2, infiniplex_forest_straight_1,
          infiniplex_forest_straight_3, infiniplex_forest_pool,
          infiniplex_forest_lined_room_3, infiniplex_forest_clump_diagonal
D:2:      layout_loops_ring, uniq_robin, uniq_terence
D:3:      layout_basic, cheibrodos_ashenzari_chains, okawaru_metal_pillars_1_2,
          lemuel_round_altar, zin_purify, gammafunk_temple_overflow_statue
D:4:      layout_loops_ring, grunt_qazlal_sundering, glass_columns_b,
          grunt_decor_one_mirror, nicolae_dithmenos_shadow_blocks, uniq_pikel

Skill      XL: |  1  2  3  4  5  6 |
---------------+-------------------+-----
Maces & Flails | 3 |  3.9
Shields        | 4 |  4.2
Armour         | 4 |  4.1
Throwing       | 1 |  1.0
Fighting       | |  3.4
Stealth        | |  0.4

Action                   |  1- 3 |  4- 6 || total
-------------------------+-------+-------++-------
Melee: Flail             |    80 |   240 ||   320
Throw: Stone             |     1 |    34 ||    35
  Use: Potion            |     1 |     4 ||     5
       Scroll            |     2 |     7 ||     9
  Eat: Chunk             |       |     8 ||     8
Armor: Scale mail        |    48 |   112 ||   160
Dodge: Dodged            |    24 |    55 ||    79
Block: Shield            |    64 |   112 ||   176
